 Dungeon Crawl Stone Soup version 0.26-a0-466-g989023bd0d (webtiles) character file.

Game seed: 7567321770738498255

119 gruber the Sneak (level 5, 0/46 HPs)
             Began as an Octopode Hedge Wizard on Aug 7, 2020.
             Succumbed to an adder's poison
             ... on level 3 of the Dungeon.
             The game lasted 00:03:16 (2409 turns).

gruber the Sneak (Octopode Hedge Wizard)            Turns: 2409, Time: 00:03:17

Health: 0/46       AC: 22    Str:  9    XL:     5   Next: 3%
Magic:  6/11       EV:  2    Int: 18    God:
Gold:   134        SH:  0    Dex: 11    Spells: 4/12 levels left

rFire    . . .     SeeInvis .   a - +0 dagger
rCold    . . .     Faith    .   (no shield)
rNeg     + + +     Spirit   .   (helmet currently unavailable)
rPois    +         Reflect  .   (no amulet)
rElec    .         Harm     .   j - ring of teleportation (curse)
rCorr    .         NoTele   +   (no ring)
MR       .....                  (no ring)
Stlth    +++.......             (no ring)
HPRegen  0.15/turn              (no ring)
MPRegen  0.12/turn              (no ring)
                                (no ring)
                                (no ring)

@: lethally poisoned (0 -> -7), tree-form
A: almost no armour, stealthy swim, (amphibious), 8 rings, (constrict 8)
a: no special abilities


You were on level 3 of the Dungeon.
You were a tree.
You visited 1 branch of the dungeon, and saw 4 of its levels.

You collected 134 gold pieces.

Inventory:

Hand Weapons
 a - a +0 dagger (weapon)
Armour
 b - a +0 hat (melded)
Jewellery
 j - a cursed ring of teleportation (left branch)
Scrolls
 d - 3 scrolls of identify {unknown}
 e - 3 scrolls of teleportation {unknown}
 l - a scroll of fog {unknown}
Potions
 f - a potion of haste {unknown}
 g - a potion of resistance {unknown}
 h - a potion of flight
 i - a potion of heal wounds {unknown}
 k - a potion of stabbing {unknown}


   Skills:
 - Level 2.0 Dodging
 + Level 4.8 Stealth
 - Level 4.2 Spellcasting
 + Level 1.4 Conjurations
 + Level 1.4 Summonings
 + Level 1.0 Translocations


You had 4 spell levels left.
You knew the following spells:

 Your Spells              Type           Power        Failure   Level
a - Magic Dart            Conj           #...         8%          1
b - Blink                 Tloc           N/A          14%         2
c - Call Imp              Summ           #.......     12%         2
d - Mephitic Cloud        Conj/Pois/Air  #.......     34%         3

Your spell library contained the following spells:

 Spells                   Type           Power        Failure   Level
 Slow                     Hex            #.......     22%         2
 Conjure Flame            Conj/Fire      #.......     32%         3


Dungeon Overview and Level Annotations

Branches:
Dungeon (4/15)
 Temple: D:4-7

Altars:
Trog


Innate Abilities, Weirdness & Mutations

You cannot wear most types of armour.
You are very stealthy in the water. (Stealth+)
((You are amphibious.))
You can wear up to eight rings at the same time.
((You can use your tentacles to constrict eight enemies at once.))
((Your skin changes colour to match your surroundings (Stealth+).))
((Your rubbery body absorbs attacks. (AC +1, EV +1)))


Message History

You feel sick. The adder misses you.
It was a potion of flight.
You feel very buoyant.
You fly up into the air.
* * * LOW HITPOINT WARNING * * *
You feel sick. The adder misses you.
It was a potion of lignification.
You turn into a tree.
Your +0 hat melds into your body.
Your roots penetrate the ground.
The adder bites you but does no damage. x2
You are too injured to fight recklessly!
You are too injured to fight recklessly!
You are too injured to fight recklessly!
You are too injured to fight recklessly!
You hit the adder.
The adder is almost dead.
* * * LOW HITPOINT WARNING * * *
You feel sick. The adder bites you but does no damage.
You barely miss the adder.
The adder is almost dead.
You die...

#.## #.......#
#. #.##.##.#
#. #.##.##.#
##.##.##.#
#...)....#
#........#
#.##..#.##
#.##.##.#
#♣##.##.#
#.S.....#
####.#### #.#
..######## ###
#.......######
... ##
#.#####.##...#
#.# #.
#.###......W..
#.###.
#..[..§......#


You could see an adder.

Vanquished Creatures
  Natasha (twice) (D:2)
  2 adders
  A worm (D:2)
  2 dart slugs
  A leopard gecko (D:4)
  4 orcs (D:3)
  4 bats
  2 giant cockroaches
  4 goblins
  3 hobgoblins
  2 jackals (D:2)
  2 ball pythons (D:1)
  3 frilled lizards
  2 kobolds (D:1)
  2 rats (D:1)
36 creatures vanquished.

Vanquished Creatures (collateral kills)
  Natasha (D:2)
  A worm (D:4)
  An orc (D:3)
3 creatures vanquished.

Grand Total: 39 creatures vanquished

Notes
Turn   | Place    | Note
-------+----------+-------------------------------------------
     0 | D:1      | gruber the Octopode Hedge Wizard began the quest for the
                  | Orb.
     0 | D:1      | Reached XP level 1. HP: 11/11 MP: 4/4
   333 | D:1      | Reached XP level 2. HP: 17/17 MP: 6/6
   701 | D:2      | Reached XP level 3. HP: 13/21 MP: 8/8
   852 | D:2      | Noticed Natasha
   864 | D:2      | Killed Natasha
   868 | D:2      | Learned a level 2 spell: Blink
   871 | D:2      | Learned a level 2 spell: Call Imp
   875 | D:2      | Learned a level 3 spell: Mephitic Cloud
  1045 | D:2      | Reached XP level 4. HP: 14/27 MP: 10/10
  1176 | D:2      | Noticed Natasha
  1322 | D:2      | Found a bloodstained altar of Trog.
  1358 | D:2      | Killed Natasha
  1464 | D:2      | Noticed Natasha
  1480 | D:2      | Killed Natasha
  1729 | D:2      | You fall into a shaft and drop 2 floors!
  1914 | D:3      | Noticed a phantom
  2132 | D:3      | Reached XP level 5. HP: 19/31 MP: 7/11
  2406 | D:3      | HP: 1/31 [poisoned by an adder]
  2409 | D:3      | Succumbed to an adder's poison

Illustrated notes

Levels and vault maps discovered:
D:1:      dpeg_arrival_tiny_a, layout_rooms
D:2:      layout_rooms, lemuel_coloured_pillars_altar, serial_glass,
          glass_columns_a, glass_columns_a, glass_columns_c, glass_columns_a,
          glass_columns_a, serial_bayou_crossing, uniq_natasha
D:3:      layout_loops_cross
D:4:      layout_layer_cave, uniq_ijyb

Skill      XL: |  1  2  3  4 |
---------------+-------------+-----
Stealth        | 3 4 |  4.8
Spellcasting   | 4 |  4.2
Dodging        | |  2.0
Conjurations   | |  1.4
Summonings     | |  1.4
Translocations | |  1.0

Action                   |  1- 3 |  4- 6 || total
-------------------------+-------+-------++-------
Melee: Dagger            |    45 |    39 ||    84
       Constrict         |    11 |     9 ||    20
       Tentacles         |     5 |     4 ||     9
 Cast: Magic Dart        |     4 |    11 ||    15
       Call Imp          |       |    18 ||    18
       Mephitic Cloud    |       |     1 ||     1
       Blink             |       |     1 ||     1
  Use: Scroll            |     1 |       ||     1
       Potion            |       |     2 ||     2
 Stab: Sleeping          |     5 |     5 ||    10
Armor: Skin              |     1 |     6 ||     7
Dodge: Dodged            |    17 |    29 ||    46

Table legend: (Time is in decaauts)
 A = Elapsed time spent in this place.
 B = Non-inter-level travel time spent in this place.
 C = Inter-level travel time spent in this place.
 D = Time resting spent in this place.
 E = Time spent auto-exploring this place.
 F = Levels seen in this place.
 G = Mean time per level.
                   A        B        C        D        E       F      G
               +--------+--------+--------+--------+--------+-----+--------+
         Total |   2408 |   2334 |     74 |     80 |   1822 |   4 |  602.0 |
       Dungeon |   2408 |   2334 |     74 |     80 |   1822 |   4 |  602.0 |
               +--------+--------+--------+--------+--------+-----+--------+

Top non-repeatable levels by time:
     D:2: 1204 daAuts
     D:1: 587 daAuts
     D:3: 434 daAuts
     D:4: 182 daAuts
